 Dungeon Crawl Stone Soup version 0.23.0 (webtiles) character file.

Game seed: 10007786830896101109

37 kkeya the Magician (level 3, -4/19 HPs)
             Began as a Deep Elf Wizard on Feb 11, 2019.
             Was an Initiate of Ashenzari.
             Slain by a gnoll
             ... wielding a +0 spear
              (12 damage)
             ... on level 2 of the Dungeon.
             The game lasted 00:09:45 (1177 turns).

kkeya the Magician (Deep Elf Wizard)                Turns: 1177, Time: 00:09:45

Health: -4/19      AC:  2    Str:  5    XL:     3   Next: 23%
Magic:  7/12       EV: 13    Int: 22    God:    Ashenzari [......]
Gold:   44         SH:  0    Dex: 13    Spells: 6/13 levels left

rFire    . . .     SeeInvis .   j - +2 short sword (flame)
rCold    . . .     Gourm    .   (no shield)
rNeg     . . .     Faith    .   a - +0 robe
rPois    .         Spirit   .   b - +0 hat
rElec    .         Reflect  .   (no cloak)
rCorr    .         Harm     .   (no gloves)
MR       .....                  (no boots)
Stlth    ++........             (no amulet)
HPRegen  0.06/turn              (no ring)
MPRegen  0.13/turn              (no ring)

@: no status effects
A: no striking features
a: Curse Item, Renounce Religion


You were on level 2 of the Dungeon.
You worshipped Ashenzari.
Ashenzari was noncommittal.
You were hungry.

You visited 1 branch of the dungeon, and saw 2 of its levels.

You collected 44 gold pieces.

Inventory:

Hand Weapons
 c - a +0 short sword
 e - a +0 dagger
 j - a +2 short sword of flaming (weapon)
Armour
 a - a +0 robe (worn)
 b - a +0 hat (worn)
Scrolls
 g - a scroll of fog
Potions
 f - a potion of agility
 h - a potion of curing
 i - a potion of might {unknown}
Comestibles
 d - 3 rations


   Skills:
 + Level 2.6 Dodging
 + Level 2.4 Stealth
 + Level 5.9 Spellcasting
 + Level 1.1 Conjurations
 + Level 1.3 Summonings
 + Level 1.1 Translocations


You had 6 spell levels left.
You knew the following spells:

 Your Spells              Type           Power        Failure   Level  Hunger
a - Magic Dart            Conj           ##..         6%          1    None
b - Call Imp              Summ           ##......     8%          2    None
c - Slow                  Hex            #.......     14%         2    None
d - Blink                 Tloc           N/A          9%          2    None

Your spell library contained the following spells:

 Spells                   Type           Power        Failure   Level  Hunger
 Conjure Flame            Conj/Fire      #.......     22%         3    #......
 Mephitic Cloud           Conj/Pois/Air  #.......     24%         3    #......


Dungeon Overview and Level Annotations

Branches:
Dungeon (2/15)

Altars:
Ashenzari


Message History

Aiming: Magic Dart (safe; 6% risk of failure)
Press: ? - help, Shift-Dir - straight line, f - gnoll
Aim: a gnoll, wielding a +0 spear The magic dart hits the gnoll.
The gnoll is lightly wounded.
The gnoll misses you. The gnoll closely misses you.
The gnoll hits you from afar with a +0 spear. x2
Your white imp closely misses the gnoll.
Your white imp barely misses the gnoll.
Casting: Magic Dart (safe; 6% risk of failure)
Confirm with . or Enter, or press ? or * to list all spells.
Aiming: Slow (safe; 14% risk of failure)
Press: ? - help, Shift-Dir - straight line, f/p - gnoll
Aim: a gnoll, wielding a +0 spear (lightly wounded, chance to defeat MR: 50%)
The gnoll resists with some effort.
The gnoll hits you but does no damage. The gnoll misses you.
Your white imp hits the gnoll.
Your white imp freezes the gnoll.
The gnoll hits you from afar with a +0 spear!
Ouch! That really hurt!
You die...

#.# #.# #.# ####.#
##+## #..... ##...##
#.##.# # ##.....##
#.##.#.# ##...@...##
#..#.#.#
#.........####..)...##
+.....gg.)'..((.......
#.......5)####(..#####
##.......## ##..#
##.<...## ##.# ##...##
#(# ##+## #.# #.# #.#


You could see 2 gnolls and a friendly white imp.

Vanquished Creatures
  An adder (D:2)
  2 bats (D:1)
  2 goblins (D:1)
  4 hobgoblins (D:1)
  4 kobolds
  A ball python (D:2)
  A frilled lizard (D:1)
  A rat (D:1)
16 creatures vanquished.

Vanquished Creatures (collateral kills)
  2 gnolls (D:2)
  2 kobolds (D:2)
4 creatures vanquished.

Grand Total: 20 creatures vanquished

Notes
Turn   | Place    | Note
-------+----------+-------------------------------------------
     0 | D:1      | kkeya the Deep Elf Wizard began the quest for the Orb.
     0 | D:1      | Reached XP level 1. HP: 10/10 MP: 7/7
   130 | D:1      | Reached skill level 5 in Spellcasting
   266 | D:1      | Reached XP level 2. HP: 15/15 MP: 6/10
   287 | D:1      | Learned a level 2 spell: Call Imp
   290 | D:1      | Learned a level 2 spell: Slow
   293 | D:1      | Learned a level 2 spell: Blink
   871 | D:2      | Found a shattered altar of Ashenzari.
   904 | D:2      | Became a worshipper of Ashenzari the Shackled
  1158 | D:2      | Reached XP level 3. HP: 19/19 MP: 9/12
  1177 | D:2      | Slain by a gnoll

Skill      XL: |  1 |
---------------+----+-----
Spellcasting   | 5 |  5.9
Dodging        | |  2.6
Stealth        | |  2.4
Conjurations   | |  1.1
Summonings     | |  1.3
Translocations | |  1.1

Action                   || total
-------------------------++-------
Melee: Dagger            ||     2
       Short sword       ||     1
 Cast: Magic Dart        ||    39
       Call Imp          ||     6
       Slow              ||     2
  Use: Scroll            ||     2
       Potion            ||     1
Armor: Robe              ||     3
Dodge: Dodged            ||    18
